FSL
CHARLOTTE STONE CRABS @ ST. LUCIE METS
09/13/2099
 
TOP OF THE 1ST
Charlotte Stone Crabs batting - Pitching for St. Lucie Mets : RHP Tim Ridenhour
Pitching: RHP Tim Ridenhour
Batting: SHB John Christopher 0-0: Ball
1-0: Swinging Strike
1-1: Ball
2-1: Ball
3-1: Base on Balls
Batting: RHB Isaiah Qualls 0-0: Ball
John Christopher steals 2nd base
1-0: Ground out 6-3 (Groundball, 6D, EV 106.3 MPH)
John Christopher to third
Batting: LHB Bryan Souder 0-0: Ball
1-0: Swinging Strike
1-1: Ball
2-1: Fly out, F1 (Popup, P, EV 78.1 MPH)
Batting: RHB Daniel Melendrez 0-0: Foul Ball, location: 7LSF
0-1: Ball
1-1: Foul Ball, location: 7LDF
1-2: Strikes out swinging
Top of the 1st over - 0 runs, 0 hits, 0 errors, 1 left on base; Charlotte 0 - St. Lucie 0
BOTTOM OF THE 1ST
St. Lucie Mets batting - Pitching for Charlotte Stone Crabs : RHP Matt Kotansky
Pitching: RHP Matt Kotansky
Batting: SHB Martin Fornes 0-0: Called Strike
0-1: Fly out, F9 (Flyball, 8RS, EV 99.4 MPH)
Batting: LHB Victor Vargas 0-0: Called Strike
0-1: Ball
1-1: Ball
2-1: Ball
3-1: SINGLE (Line Drive, 89S, EV 97.5 MPH)
Batting: LHB Josh Wiley 0-0: Ball
1-0: Ball
2-0: Foul Ball, location: 3DF
2-1: Foul Ball, location: 2F
2-2: Foul Ball, location: 2F
2-2: Ball
3-2: Grounds into double play, 4-6-3 (Groundball, 4, EV 91.9 MPH)
Bottom of the 1st over - 0 runs, 1 hit, 0 errors, 0 left on base; Charlotte 0 - St. Lucie 0
TOP OF THE 2ND
Charlotte Stone Crabs batting - Pitching for St. Lucie Mets : RHP Tim Ridenhour
Batting: RHB Jeff Rock 0-0: Called Strike
0-1: Ground out 2-3 (Groundball, 2L, EV 67.5 MPH)
Batting: RHB Chad Morris 0-0: Ball
1-0: Foul Ball, location: 2F
1-1: Foul Ball, location: 2F
1-2: Ball
2-2: Strikes out swinging
Batting: RHB Jason William 0-0: Ball
1-0: Ball
2-0: Ball
3-0: Called Strike
3-1: Fly out, F8 (Flyball, 8LD, EV 109.4 MPH)
Top of the 2nd over - 0 runs, 0 hits, 0 errors, 0 left on base; Charlotte 0 - St. Lucie 0
BOTTOM OF THE 2ND
St. Lucie Mets batting - Pitching for Charlotte Stone Crabs : RHP Matt Kotansky
Batting: RHB Ethan Robinson 0-0: Ball
1-0: Called Strike
1-1: Foul Ball, location: 3FF
1-2: Foul Ball, location: 2F
1-2: Ball
2-2: Foul Ball, location: 3DF
2-2: Ground out U3 (Groundball, 3L, EV 94.4 MPH)
Batting: LHB Jon Chavez 0-0: Swinging Strike
0-1: Swinging Strike
0-2: Ball
1-2: Strikes out looking
Batting: RHB Joel Lawrence 0-0: Ball
1-0: Called Strike
1-1: Ball
2-1: Ball
3-1: SINGLE (Line Drive, 9LS, EV 97.5 MPH)
Batting: RHB Tom Dixon 0-0: Reached on error, E4 (Groundball, 4, EV 85.6 MPH)
Joel Lawrence to second
Batting: RHB Luis Medina 0-0: Called Strike
0-1: Fly out, F9 (Line Drive, 9, EV 98.1 MPH)
Bottom of the 2nd over - 0 runs, 1 hit, 1 error, 2 left on base; Charlotte 0 - St. Lucie 0
TOP OF THE 3RD
Charlotte Stone Crabs batting - Pitching for St. Lucie Mets : RHP Tim Ridenhour
Batting: RHB Alex Cooper 0-0: Ground out 4-3 (Groundball, 4D, EV 103.8 MPH)
Batting: RHB Zach Frederick 0-0: SINGLE (Groundball, 6MS, EV 61.9 MPH) (infield hit)
Batting: SHB John Christopher 0-0: Fly out, F6 (Popup, 6S, EV 85.6 MPH)
Batting: RHB Isaiah Qualls 0-0: Called Strike
0-1: Fielders Choice at 2nd, 5-4 (Groundball, 56, EV 103.1 MPH)
Top of the 3rd over - 0 runs, 1 hit, 0 errors, 1 left on base; Charlotte 0 - St. Lucie 0
BOTTOM OF THE 3RD
St. Lucie Mets batting - Pitching for Charlotte Stone Crabs : RHP Matt Kotansky
Batting: RHB Willie Alfonso 0-0: Ball
1-0: Foul Ball, location: 2F
1-1: Swinging Strike
1-2: Strikes out swinging
Batting: SHB Martin Fornes 0-0: Called Strike
0-1: Foul Ball, location: 7LDF
0-2: Strikes out swinging
Batting: LHB Victor Vargas 0-0: Ball
1-0: Called Strike
1-1: Ground out 4-3 (Groundball, 34D, EV 96.9 MPH)
Bottom of the 3rd over - 0 runs, 0 hits, 0 errors, 0 left on base; Charlotte 0 - St. Lucie 0
TOP OF THE 4TH
Charlotte Stone Crabs batting - Pitching for St. Lucie Mets : RHP Tim Ridenhour
Batting: LHB Bryan Souder 0-0: Swinging Strike
0-1: Ball
1-1: Ball
2-1: Ground out 6-3 (Groundball, 6, EV 98.1 MPH)
Batting: RHB Daniel Melendrez 0-0: Called Strike
0-1: Foul Ball, location: 2F
0-2: Foul Ball, location: 3SF
0-2: Foul Ball, location: 5SF
0-2: Strikes out swinging
Batting: RHB Jeff Rock 0-0: Ball
1-0: Ball
2-0: Called Strike
2-1: Swinging Strike
2-2: Ground out 5-3 (Groundball, 56, EV 78.8 MPH)
Top of the 4th over - 0 runs, 0 hits, 0 errors, 0 left on base; Charlotte 0 - St. Lucie 0
BOTTOM OF THE 4TH
St. Lucie Mets batting - Pitching for Charlotte Stone Crabs : RHP Matt Kotansky
Batting: LHB Josh Wiley 0-0: Ball
1-0: Ball
2-0: Called Strike
2-1: Ball
3-1: Foul Ball, location: 9LMF
3-2: Fly out, F8 (Flyball, 8LS, EV 85.6 MPH)
Batting: RHB Ethan Robinson 0-0: Ball
1-0: Foul Ball, location: 23F
1-1: Called Strike
1-2: Ground out 4-3 (Groundball, 34, EV 79.4 MPH)
Batting: LHB Jon Chavez 0-0: Ball
1-0: Ball
2-0: Ground out 3-1 (Groundball, 34, EV 87.5 MPH)
Bottom of the 4th over - 0 runs, 0 hits, 0 errors, 0 left on base; Charlotte 0 - St. Lucie 0
TOP OF THE 5TH
Charlotte Stone Crabs batting - Pitching for St. Lucie Mets : RHP Tim Ridenhour
Batting: RHB Chad Morris 0-0: Called Strike
0-1: Fly out, F7 (Flyball, 7, EV 90.6 MPH)
Batting: RHB Jason William 0-0: Swinging Strike
0-1: Swinging Strike
0-2: Strikes out swinging
Batting: RHB Alex Cooper 0-0: Ball
1-0: Reached on error, E6 (Groundball, 6, EV 89.4 MPH)
Batting: RHB Zach Frederick 0-0: Ball
1-0: Swinging Strike
1-1: SINGLE (Line Drive, 9S, EV 108.1 MPH)
Alex Cooper to second
Pinch Runner at 2nd Alfredo Zapata:
Batting: SHB John Christopher 0-0: Ball
1-0: Fly out, F7 (Flyball, 7, EV 97.5 MPH)
Top of the 5th over - 0 runs, 1 hit, 1 error, 2 left on base; Charlotte 0 - St. Lucie 0
BOTTOM OF THE 5TH
St. Lucie Mets batting - Pitching for Charlotte Stone Crabs : RHP Matt Kotansky
Now at 1B: Andy Pyszka
Batting: RHB Joel Lawrence 0-0: Ball
1-0: Ball
2-0: Called Strike
2-1: Swinging Strike
2-2: Fly out, F9 (Flyball, 89D, EV 99.4 MPH)
Batting: RHB Tom Dixon 0-0: Fly out, F3 (Line Drive, 3L, EV 73.8 MPH)
Batting: RHB Luis Medina 0-0: Ball
1-0: Foul Ball, location: 5FF
1-1: Ball
2-1: Ball
3-1: Foul Ball, location: 3FF
3-2: Foul Ball, location: 3FF
3-2: Foul Ball, location: 2F
3-2: Strikes out swinging
Bottom of the 5th over - 0 runs, 0 hits, 0 errors, 0 left on base; Charlotte 0 - St. Lucie 0
TOP OF THE 6TH
Charlotte Stone Crabs batting - Pitching for St. Lucie Mets : RHP Tim Ridenhour
Batting: RHB Isaiah Qualls 0-0: Swinging Strike
0-1: Foul Ball, location: 23FF
0-2: Ball
1-2: Ball
2-2: Foul Ball, location: 3FF
2-2: Foul Ball, location: 2F
2-2: Ball
3-2: Ground out 4-3 (Groundball, 4, EV 103.8 MPH)
Batting: LHB Bryan Souder 0-0: SINGLE (Groundball, 34D, EV 108.1 MPH)
Batting: RHB Daniel Melendrez 0-0: Called Strike
0-1: Ball
1-1: Foul Ball, location: 9LMF
1-2: Strikes out looking
Batting: RHB Jeff Rock 0-0: Ball
1-0: Foul Ball, location: 25F
1-1: Swinging Strike
1-2: Ground out 4-3 (Groundball, 34S, EV 78.1 MPH)
Top of the 6th over - 0 runs, 1 hit, 0 errors, 1 left on base; Charlotte 0 - St. Lucie 0
BOTTOM OF THE 6TH
St. Lucie Mets batting - Pitching for Charlotte Stone Crabs : RHP Matt Kotansky
Batting: RHB Willie Alfonso 0-0: Foul Ball, location: 2F
0-1: SINGLE (Groundball, 6, EV 78.1 MPH)
Batting: SHB Martin Fornes 0-0: Ball
1-0: Ball
2-0: Ball
3-0: Called Strike
3-1: Base on Balls
Willie Alfonso to second
Batting: LHB Victor Vargas 0-0: Ball
1-0: Foul Ball, location: 3F
1-1: Foul Ball, location: 7LMF
1-2: Ball
2-2: Strikes out swinging
Batting: LHB Josh Wiley 0-0: SINGLE (Groundball, 6MD, EV 101.3 MPH)
Willie Alfonso to third
Martin Fornes to second
Runner from 3rd tries for Home, SAFE, throw by CF to home
Batting: RHB Ethan Robinson 0-0: Called Strike
0-1: Called Strike
0-2: Strikes out looking
Batting: LHB Jon Chavez 0-0: Swinging Strike
0-1: Swinging Strike
0-2: Strikes out swinging
Bottom of the 6th over - 1 run, 2 hits, 0 errors, 2 left on base; Charlotte 0 - St. Lucie 1
TOP OF THE 7TH
Charlotte Stone Crabs batting - Pitching for St. Lucie Mets : RHP Tim Ridenhour
Batting: RHB Chad Morris 0-0: Ball
1-0: Swinging Strike
1-1: Ground out 6-3 (Groundball, 6, EV 86.9 MPH)
Batting: RHB Jason William 0-0: Foul Ball, location: 9LMF
0-1: Ball
1-1: Ball
2-1: SINGLE (Line Drive, 78S, EV 107.5 MPH)
Batting: RHB Andy Pyszka 0-0: Ball
1-0: Called Strike
1-1: Ball
2-1: Ball
Jason William steals 2nd base
3-1: Base on Balls
Batting: RHB Zach Frederick 0-0: Called Strike
0-1: Swinging Strike
0-2: Strikes out swinging
Batting: SHB John Christopher 0-0: Ball
1-0: SINGLE (Groundball, 34S, EV 74.4 MPH) (infield hit)
Jason William to third
Andy Pyszka to second
Batting: RHB Isaiah Qualls 0-0: Ball
1-0: Foul Ball, location: 9LMF
1-1: Foul Ball, location: 23F
1-2: Ball
2-2: SINGLE (Line Drive, 5D, EV 105.0 MPH)
Jason William scores
Andy Pyszka to third
John Christopher to second
Runner from 3rd tries for Home, SAFE, throw by LF to home
Batting: LHB Bryan Souder 0-0: Called Strike
0-1: Ball
1-1: 3-RUN HOME RUN (Flyball, 7D, EV 103.1 MPH), Distance : 389 ft
Pitching: RHP Chris Heining
Batting: RHB Daniel Melendrez 0-0: Called Strike
0-1: Ball
1-1: Foul Ball, location: 3FF
1-2: Strikes out swinging
Top of the 7th over - 5 runs, 4 hits, 0 errors, 0 left on base; Charlotte 5 - St. Lucie 1
BOTTOM OF THE 7TH
St. Lucie Mets batting - Pitching for Charlotte Stone Crabs : RHP Matt Kotansky
Now in LF: Jim Leonhard
Batting: RHB Joel Lawrence 0-0: Ball
1-0: Foul Ball, location: 2F
1-1: DOUBLE (Flyball, 89D, EV 101.3 MPH)
Batting: RHB Tom Dixon 0-0: Foul Ball, location: 9LMF
0-1: Swinging Strike
0-2: Ball
1-2: Ball
Wild Pitch!
Joel Lawrence to third
2-2: Foul Ball, location: 9LMF
2-2: Strikes out swinging
Pitching: RHP Jesus Jauregui
Pinch Hitting: RHB Ron Ferrero 0-0: Fly out, F2 (Popup, 23F, EV 85.6 MPH)
Batting: RHB Willie Alfonso 0-0: Ball
1-0: TRIPLE (Line Drive, 89XD, EV 106.9 MPH)
Joel Lawrence scores
Batting: SHB Martin Fornes 0-0: Foul Ball, location: 2F
0-1: Ball
1-1: Foul Ball, location: 3FF
1-2: Ball
2-2: Ball
3-2: Fly out, F8 (Line Drive, 8LS, EV 91.9 MPH)
Bottom of the 7th over - 1 run, 2 hits, 0 errors, 1 left on base; Charlotte 5 - St. Lucie 2
TOP OF THE 8TH
Charlotte Stone Crabs batting - Pitching for St. Lucie Mets : RHP Chris Heining
Now at SS: Pat Allis
Batting: RHB Jeff Rock 0-0: Ball
1-0: Ball
2-0: Foul Ball, location: 9LDF
2-1: Ball
3-1: Fly out, F9 (Line Drive, 89S, EV 89.4 MPH)
Batting: RHB Chad Morris 0-0: Called Strike
0-1: Hit by Pitch
Batting: RHB Jason William 0-0: Ground out 1-3 (Groundball, 34S, EV 70.0 MPH)
Chad Morris to second
Batting: RHB Andy Pyszka 0-0: Fly out, F9 (Flyball, 89D, EV 110.0 MPH)
Top of the 8th over - 0 runs, 0 hits, 0 errors, 1 left on base; Charlotte 5 - St. Lucie 2
BOTTOM OF THE 8TH
St. Lucie Mets batting - Pitching for Charlotte Stone Crabs : RHP Jesus Jauregui
Batting: LHB Victor Vargas 0-0: Fly out, F7 (Flyball, 78M, EV 84.4 MPH)
Batting: LHB Josh Wiley 0-0: Ball
1-0: Ball
2-0: Called Strike
2-1: Foul Ball, location: 2F
2-2: Foul Ball, location: 2F
2-2: Ball
3-2: Fly out, F7 (Flyball, 7S, EV 87.5 MPH)
Batting: RHB Ethan Robinson 0-0: Ball
1-0: Ball
2-0: Swinging Strike
2-1: Ball
3-1: Base on Balls
Batting: LHB Jon Chavez 0-0: Called Strike
0-1: Ball
1-1: Foul Ball, location: 2F
1-2: Foul Ball, location: 7LDF
1-2: Fly out, F7 (Flyball, 7, EV 91.3 MPH)
Bottom of the 8th over - 0 runs, 0 hits, 0 errors, 1 left on base; Charlotte 5 - St. Lucie 2
TOP OF THE 9TH
Charlotte Stone Crabs batting - Pitching for St. Lucie Mets : RHP Chris Heining
Batting: RHB Zach Frederick 0-0: Called Strike
0-1: Ball
1-1: Foul Ball, location: 3SF
1-2: Ground out 4-3 (Groundball, 4, EV 83.8 MPH)
Batting: SHB John Christopher 0-0: Ball
1-0: Called Strike
1-1: Fly out, F9 (Flyball, 9, EV 87.5 MPH)
Batting: RHB Jim Leonhard 0-0: Called Strike
0-1: Foul Ball, location: 5DF
0-2: Ball
1-2: Ball
2-2: Foul Ball, location: 2F
2-2: Foul Ball, location: 2F
2-2: Strikes out swinging
Top of the 9th over - 0 runs, 0 hits, 0 errors, 0 left on base; Charlotte 5 - St. Lucie 2
BOTTOM OF THE 9TH
St. Lucie Mets batting - Pitching for Charlotte Stone Crabs : RHP Jesus Jauregui
Batting: RHB Joel Lawrence 0-0: Foul Ball, location: 7LSF
0-1: Called Strike
0-2: Ball
1-2: Strikes out swinging, 2-3 out at first.
Pinch Hitting: LHB Fernando Turcios 0-0: Ball
1-0: Fly out, F4 (Popup, 4, EV 62.5 MPH)
Batting: SHB Pat Allis 0-0: Fly out, F8 (Line Drive, 8RM, EV 95.6 MPH)
Bottom of the 9th over - 0 runs, 0 hits, 0 errors, 0 left on base; Charlotte 5 - St. Lucie 2
Wednesday, May 15th , 2024 - OOTP Baseball 24.11 Build 85